 Dungeon Crawl Stone Soup version 0.29-a0-515-g7c1fb6cc08 (webtiles) character file.

Game seed: 1891532081130102193

57 Morbidden the Ducker (level 3, -1/17 HPs)
             Began as a Felid Monk on May 30, 2022.
             Slain by a black bear (4 damage)
             ... on level 3 of the Dungeon.
             The game lasted 00:03:30 (2620 turns).

Morbidden the Ducker (Felid Monk)                   Turns: 2620, Time: 00:03:31

Health: -1/17      AC:  1    Str:  7    XL:     3   Next: 73%
Magic:  4/4        EV: 20    Int: 11    God:
Gold:   72         SH:  0    Dex: 20    Spells: 3/3 levels left
                                        Lives:  0   Deaths: 0

rFire   . . .      SeeInvis +     - Unarmed
rCold   . . .      Faith    .   (shield unavailable)
rNeg    . . .      Spirit   .   (body armour unavailable)
rPois   .          Reflect  .   (helmet unavailable)
rElec   .          Harm     .   (cloak unavailable)
rCorr   .          Rampage  .   (gloves unavailable)
Will    .....                   (boots unavailable)
Stlth   +++.......              (no amulet)
HPRegen 0.05/turn               (no ring)
MPRegen 0.09/turn               (no ring)

@: quick
A: very small, claws 1, fangs 3, see invisible, speed 1, shaggy fur 1, stealthy
paws, no weapons or thrown items, no armour, multi-lived
a: no special abilities


You were on level 3 of the Dungeon.
You visited 1 branch of the dungeon, and saw 3 of its levels.

You collected 72 gold pieces.

Inventory:

Scrolls
 c - a scroll of fog {unknown}
 d - 2 scrolls of vulnerability {unknown}
 f - 3 scrolls of identify {unknown}
 h - a scroll of silence {unknown}
 i - a scroll of enchant weapon {unknown}
 k - a scroll of immolation {unknown}
 l - 2 scrolls of amnesia {unknown}
 n - a scroll of fear {unknown}
Potions
 a - a potion of ambrosia
 b - a potion of might {unknown}
 e - 2 potions of heal wounds {unknown}
 g - a potion of flight {unknown}
 j - a potion of degeneration {unknown}
 m - a potion of haste {unknown}


   Skills:
 * Level 3.2 Fighting
 * Level 4.7 Dodging
 + Level 3.1 Stealth
 * Level 3.7 Unarmed Combat
 * Level 0.6 Spellcasting


You had 3 spell levels left.
You didn't know any spells.
Your spell library contained the following spells:

 Spells                   Type           Power      Damage    Failure   Level
 Summon Small Mammal      Summ           0%         N/A       34%         1
 Call Canine Familiar     Summ           0%         N/A       71%         3
 Gell's Gravitas          Tloc           0%         N/A       71%         3
 Lesser Beckoning         Tloc           0%         N/A       71%         3
 Summon Guardian Golem    Hex/Summ       0%         N/A       71%         3
 Teleport Other           Tloc           0%         N/A       71%         3


Dungeon Overview and Level Annotations

Branches:
Dungeon (3/15)

Altars:

Shops:
D:2 =

Annotations:
D:2 Terence


Innate Abilities, Weirdness & Mutations

You have sharp claws.
You have razor-sharp teeth.
You have supernaturally acute eyesight. (SInv)
You cover ground quickly. (Speed+)
You are covered in fur. (AC +1)
Your paws help you pounce on unaware monsters.
You are incapable of wielding weapons or throwing items.
You cannot wear armour.
You gain extra lives every three experience levels.


Message History

No target in view!
Key pressed, stopping explore.
No target in view!
No target in view!
You now have 72 gold pieces (gained 13).
Jessica the Apprentice Sorceress comes into view.
She is wielding a +0 club.
Jessica shouts!
Jessica is nearby!
Jessica is nearby!
A black bear comes into view.
Jessica mumbles some strange words.
Jessica blinks!
There are monsters nearby!
Unknown command.
Jessica gestures wildly while chanting.
Jessica blinks!
There is a stone staircase leading down here.
You scratch the black bear. You claw the black bear.
The black bear is lightly wounded.
Unknown command.
Jessica mumbles some strange words.
Jessica seems to speed up.
Jessica misses you. Jessica attacks as you move away!
Jessica barely misses you.
Jessica mumbles some strange words.
Jessica blinks!
You claw Jessica! You claw Jessica.
Jessica is almost dead.
Jessica casts a spell at you. Pain shoots through your body!
Ouch! That really hurt!
* * * LOW HITPOINT WARNING * * *
You completely miss Jessica.
Jessica is almost dead.
Jessica barely misses you.
Unknown command.
You claw Jessica!
You kill Jessica!
The black bear barely misses you. x2; The black bear claws you.
You die...

########## #........#
###################........#
...............)@h§..>.....#
............#########.######
###########....# #.#
########....# #.#
#...........# #.#
###...........# #.#
..............# #.#
.............## #.#
.............#


You could see a black bear.

Vanquished Creatures
  Jessica (D:3)
  An adder (D:3)
  A dart slug (D:1)
  An orc (D:3)
  7 endoplasms
  2 giant cockroaches
  5 goblins
  2 hobgoblins
  4 quokkas
  4 ball pythons
  4 bats
  A frilled lizard (D:1)
  3 kobolds
  5 rats
41 creatures vanquished.

Notes
Turn   | Place    | Note
-------+----------+-------------------------------------------
     0 | D:1      | Morbidden the Felid Monk began the quest for the Orb.
     0 | D:1      | Reached XP level 1. HP: 10/10 MP: 2/2
   237 | D:1      | Reached XP level 2. HP: 14/14 MP: 3/3
  1495 | D:2      | Reached XP level 3. HP: 14/17 MP: 4/4
  1639 | D:2      | Found Nuymp's Jewellery Shoppe.
  1746 | D:2      | Noticed Terence
  2607 | D:3      | Noticed Jessica
  2608 | D:3      | Noticed a black bear
  2620 | D:3      | Killed Jessica
  2620 | D:3      | Slain by a black bear

Illustrated notes

Levels and vault maps discovered:
D:1:      saegor_arrival_miasma, layout_loops_corners
D:2:      layout_basic, serial_shops, shop, amcnicky_mini_rare_corridor_liquid,
          minmay_stone_trees_medium, uniq_terence
D:3:      layout_basic, serial_shops, shop, amcnicky_mini_corridor_feature,
          minmay_surrounded, uniq_grinder, uniq_jessica

Skill      XL: |  1  2  3 |
---------------+----------+-----
Stealth        | 3 |  3.1
Fighting       | |  3.2
Dodging        | |  4.7
Unarmed Combat | |  3.7
Spellcasting   | |  0.6

Action                   || total
-------------------------++-------
Melee: Unarmed           ||   100
       Bite              ||    10
       Punch             ||     4
 Stab: Sleeping          ||    13
Armor: Skin              ||     2
Dodge: Dodged            ||    71

Table legend: (Time is in decaauts)
 A = Elapsed time spent in this place.
 B = Non-inter-level travel time spent in this place.
 C = Inter-level travel time spent in this place.
 D = Time resting spent in this place.
 E = Time spent auto-exploring this place.
 F = Levels seen in this place.
 G = Mean time per level.
                   A        B        C        D        E       F      G
               +--------+--------+--------+--------+--------+-----+--------+
         Total |   2312 |   2246 |     66 |    555 |   1195 |   3 |  770.7 |
       Dungeon |   2312 |   2246 |     66 |    555 |   1195 |   3 |  770.7 |
               +--------+--------+--------+--------+--------+-----+--------+

Top non-repeatable levels by time:
     D:2: 1121 daAuts
     D:1: 807 daAuts
     D:3: 383 daAuts
